AoeStats
← cuuu

Arabia

505475911Analyzed
1v1 RM · 22d ago on Sep 9, 2026· 38m 31s· 2 players
Game mode
Random Map
Map size
Tiny (2 player)
Population
200
Speed
Normal
Resources
Standard
Victory
Conquest
Starting age
Dark Age
Ending age
Imperial Age
RankedLock teamsTeams togetherTeam positionsShared explorationLock speedFull tech treeHidden civsTurbo modeCheats
Victory
Defeat
🇧🇪 Franks · Belgium
754
+16
🇩🇪 Romans · Germany
754
-16
Behelit
9:58 Feudal Age
19:16 Scale Barding Armor
21:12 Wheelbarrow
24:22 Castle Age
22:42 Gold Mining
24:03 Double-Bit Axe
25:03 Forging
25:32 Bow Saw
27:01 Chain Barding Armor
28:35 Husbandry
34:17 Iron Casting
cuuu
10:30 Feudal Age
8:45 Loom
11:44 Man-at-Arms
12:53 Scale Mail Armor
15:55 Forging
18:41 Horse Collar
25:34 Fletching
28:04 Double-Bit Axe
34:40 Castle Age
Connection lost

Rejoining the realm…

Still unreachable

The connection could not be restored.

Session expired

The server has moved on; the page needs a fresh start.